 Dungeon Crawl Stone Soup version 0.31.0-9-g3a7656b989 (webtiles) character file.

Game seed: 17298989313340307256

1318 qw the Skirmisher (level 8, -6/46 HPs)
             Began as a Deep Elf Hunter on Feb 2, 2024.
             Mangled by a troll (11 damage)
             ... on level 7 of the Dungeon.
             The game lasted 00:00:36 (4758 turns).

qw the Skirmisher (Deep Elf Hunter)                 Turns: 4758, Time: 00:00:37

Health: -6/46      AC: 13    Str: 10    XL:     8   Next: 33%
Magic:  10/10      EV: 17    Int: 15    God:
Gold:   134        SH:  0    Dex: 20    Spells: 7/7 levels left

rFire   . . .        a - +2 shortbow
rCold   . . .        (shield currently unavailable)
rNeg    + . .        e - +3 ring mail "Paom" {Dex+2}
rPois   .            m - +0 helmet
rElec   .            f - +1 cloak
rCorr   .            o - +0 pair of gloves
SInv    .            n - +0 pair of boots
Will    .....        (no amulet)
Stlth   +            l - +5 ring of evasion
HPRegen 0.27/turn    c - ring of positive energy
MPRegen 0.12/turn

%: no passive effects
@: no status effects
A: no striking features
a: no special abilities


You were on level 7 of the Dungeon.
You visited 2 branches of the dungeon, and saw 8 of its levels.

You collected 373 gold pieces.
You spent 239 gold pieces at shops.


   Skills:
 - Level 3.4 Fighting
 + Level 12.5 Ranged Weapons
 - Level 1.1 Armour
 - Level 4.1 Dodging
 - Level 1.2 Stealth


You had 7 spell levels left.
You didn't know any spells.
Your spell library was empty.

Inventory:

Hand Weapons
 a - a +2 shortbow (weapon)
Armour
 e - the +3 ring mail "Paom" (worn) {Dex+2}
   (You found it on level 4 of the Dungeon)

   Dex+2:     It affects your dexterity (+2).
 f - a +1 cloak (worn)
 g - the scarf "Lalloj" {+Inv, Harm rC+ Will- Str+4}
   (You acquired it on level 6 of the Dungeon)

   Str+4:     It affects your strength (+4).
   rC+:       It protects you from cold.
   Will-:     It decreases your willpower.
   Harm:      It increases damage dealt and taken.
 i - +0 ice dragon scales
 m - a +0 helmet (worn)
 n - a +0 pair of boots (worn)
 o - a +0 pair of gloves (worn)
Jewellery
 c - a ring of positive energy (right hand)
 h - a ring of protection from cold
 l - a +5 ring of evasion (left hand)
Potions
 b - 5 potions of curing
 d - a potion of mutation
 j - 4 potions of cancellation
 k - a potion of heal wounds {unknown}
 q - a potion of attraction {unknown}

Dungeon Overview and Level Annotations

Branches:
Dungeon (7/15)             Temple (1/1) D:5

Altars:
Ashenzari
Cheibriados
Dithmenos
Fedhas
Gozag
Hepliaklqana
Kikubaaqudgha
Makhleb
Nemelex Xobeh
Qazlal
Ru
Sif Muna
Uskayaw
Wu Jian
Xom
Yredelemnul
The Shining One

Shops:
D:2 ?   D:5 [[   D:6 [

Annotations:
D:4 3 runed translucent doors, qw's ghost, amateur DjHu


Message History

You shoot an arrow.
The arrow hits the troll but does no damage.
The troll is lightly wounded.
You shoot an arrow. The arrow barely misses the troll.
The arrow hits the howler monkey.
The howler monkey is lightly wounded.
A magic dart appears from out of thin air!
The magic dart hits you.
You shoot an arrow. The arrow hits the troll.
The troll is lightly wounded.
The troll completely misses you. The troll misses you. The troll claws you!
You shoot an arrow. The arrow hits the troll!
The troll is moderately wounded.
The troll barely misses you. The troll claws you!
The troll completely misses you.
The howler monkey hoots and howls with incredible vigour!
You hear a bark!
Something shouts, "Bolt, thou brittle onion-eyed tiler!"
You hear an angry hiss.
You hear a shout! x2; You hear an angry hiss.
You shoot an arrow. The arrow barely misses the troll.
The arrow closely misses the howler monkey.
The arrow hits the scorpion.
The scorpion is moderately wounded.
The troll completely misses you. The troll claws you but does no damage.
The troll claws you.
You shoot an arrow. The arrow hits the troll.
The troll is heavily wounded.
The troll misses you. x3
You shoot an arrow. The arrow hits the troll.
The troll is heavily wounded.
The troll completely misses you. The troll closely misses you.
The troll claws you.
You shoot an arrow. The arrow hits the troll!
The troll is severely wounded.
The troll completely misses you. The troll closely misses you.
The troll claws you.
You shoot an arrow. The arrow closely misses the troll.
The arrow closely misses the howler monkey.
The troll bites you! The troll closely misses you. The troll claws you!
You die...

#.# #.#7...7# #.#
#.#.#'#.# #.#
#.#.#.#.# 7
#.#######.#.#Y#.# .7
#.#...[...#.#s#.#7.7
#.....##..#.#T#.7..#
###.#.##....#.#hs.#
#.#.....#.#h#T7..#
#.####..#.# #@#7.7
#.......#.# #.# .7
#####.#.#.# #.# 7
#.#.#.# #.# #.#.#7.
.7# #...# 7 7 ##..#
####


You could see a troll, a scorpion and a howler monkey.

Vanquished Creatures
  Sigmund (D:6)
  A water moccasin (D:6)
  2 ice beasts
  2 black bears
  An ogre (D:5)
  2 bullfrogs
  A scorpion (D:6)
  A howler monkey (D:6)
  2 jellies
  3 hounds
  A bombardier beetle (D:6)
  2 sleepcaps
  2 iguanas
  4 adders
  4 dart slugs
  A bat (D:1)
  3 endoplasms
  14 giant cockroaches
  4 goblins
  2 hobgoblins
  A quokka (D:3)
  4 ball pythons
  3 frilled lizards
  2 kobolds
  5 rats
68 creatures vanquished.

Notes
Turn   | Place    | Note
-------+----------+-------------------------------------------
     0 | D:1      | qw the Deep Elf Hunter began the quest for the Orb.
     0 | D:1      | Reached XP level 1. HP: 12/12 MP: 3/3
     0 | D:1      | 0 ||| qw: Version: 0.3-a-155-g5e7d8dd
     0 | D:1      | 0 ||| qw: Game counter: 277
     0 | D:1      | 0 ||| qw: Melee chars always use a shield: true
     0 | D:1      | 0 ||| qw: God list: Okawaru
     0 | D:1      | 0 ||| qw: Allow faded altars: false
     0 | D:1      | 0 ||| qw: Do Orc after clearing Dungeon:15 true
     0 | D:1      | 0 ||| qw: Do second Lair branch before Depths: true
     0 | D:1      | 0 ||| qw: Lair rune preference: random
     0 | D:1      | 0 ||| qw: Goals: Normal
     0 | D:1      | 0 ||| PLANNING D:1-11
   162 | D:1      | You fall into a shaft and drop 1 floor!
   245 | D:2      | 245 ||| READING scroll labelled QIRUAT FEPPI.
   246 | D:2      | 246 ||| DROPPING scroll of butterflies.
   346 | D:1      | Reached skill level 6 in Ranged Weapons
   346 | D:1      | Reached XP level 2. HP: 16/16 MP: 4/4
   568 | D:1      | 568 ||| READING scroll labelled DALUSTYDDO.
   669 | D:1      | 669 ||| DRINKING 2 ruby potions.
   933 | D:2      | HP: 4/16 [poisoned by an adder]
  1132 | D:2      | Reached XP level 3. HP: 7/20 MP: 5/5
  1132 | D:2      | HP: 5/20 [kobold/+0 club (2)]
  1285 | D:2      | Found Maclukla's Magic Scroll Boutique.
  1288 | D:2      | 1288 ||| SHOPLISTING scroll of acquirement (728 gold, have
                  | 67).
  1288 | D:2      | 1288 ||| SHOPLISTING scroll of enchant armour (105 gold,
                  | have 67).
  1288 | D:2      | 1288 ||| BUYING scroll of identify (28 gold).
  1288 | D:2      | Bought a scroll of identify for 28 gold pieces
  1288 | D:2      | 1288 ||| BUYING scroll of identify (28 gold).
  1288 | D:2      | Bought a scroll of identify for 28 gold pieces
  1653 | D:2      | 1653 ||| UPGRADING to +0 ring mail.
  1663 | D:2      | 1663 ||| DROPPING +0 leather armour.
  1664 | D:2      | 1664 ||| UPGRADING to +5 ring of evasion.
  1665 | D:2      | 1665 ||| READING 3 scrolls of identify.
  1665 | D:2      | 1665 ||| IDENTIFYING purple potion
  1666 | D:2      | 1666 ||| READING 2 scrolls of identify.
  1666 | D:2      | 1666 ||| IDENTIFYING metallic golden potion
  1667 | D:2      | 1667 ||| READING scroll of identify.
  1667 | D:2      | 1667 ||| IDENTIFYING orange potion
  1668 | D:2      | 1668 ||| READING scroll labelled ZAONWU RUER.
  1669 | D:2      | 1669 ||| READING scroll labelled KAZAMACIMA.
  1670 | D:2      | 1670 ||| READING scroll labelled RUAGAA HIUPNYST.
  1670 | D:2      | 1670 ||| ENCHANTING +0 shortbow.
  1671 | D:2      | 1671 ||| DROPPING potion of degeneration.
  1672 | D:2      | 1672 ||| DROPPING potion of lignification.
  1716 | D:3      | 1716 ||| FLEEEEING.
  1717 | D:3      | 1717 ||| FLEEEEING.
  1718 | D:3      | 1718 ||| FLEEEEING.
  1719 | D:3      | 1719 ||| FLEEEEING.
  1720 | D:3      | 1720 ||| FLEEEEING.
  1721 | D:3      | 1721 ||| FLEEEEING.
  1723 | D:3      | 1723 ||| FLEEEEING.
  1724 | D:3      | 1724 ||| FLEEEEING.
  1726 | D:3      | 1726 ||| FLEEEEING.
  1727 | D:3      | 1727 ||| FLEEEEING.
  1728 | D:3      | 1728 ||| FLEEEEING.
  1730 | D:3      | 1730 ||| FLEEEEING.
  1731 | D:3      | 1731 ||| FLEEEEING.
  1764 | D:3      | Reached skill level 7 in Ranged Weapons
  1887 | D:3      | 1887 ||| READING scroll of enchant weapon.
  1887 | D:3      | 1887 ||| ENCHANTING +1 shortbow.
  2007 | D:3      | Found a stormy altar of Qazlal.
  2008 | D:3      | Found an ancient bone altar of Kikubaaqudgha.
  2011 | D:3      | Found an ornate altar of the Wu Jian Council.
  2242 | D:3      | Reached XP level 4. HP: 25/25 MP: 6/6
  2335 | D:3      | 2335 ||| DROPPING ring of magical power.
  2336 | D:3      | 2336 ||| READING 2 scrolls of identify.
  2336 | D:3      | 2336 ||| IDENTIFYING pink potion
  2337 | D:3      | 2337 ||| READING scroll of identify.
  2337 | D:3      | 2337 ||| IDENTIFYING glowing blue potion
  2338 | D:3      | 2338 ||| READING scroll labelled SERYQAFOYZ.
  2343 | D:3      | 2343 ||| READING scroll labelled FOAFEL DYTU.
  2458 | D:4      | Identified the +3 ring mail "Paom" {Dex+2}
  2521 | D:4      | Found a runed translucent gate.
  2522 | D:4      | Found a runed translucent gate.
  2522 | D:4      | Found an opulent altar of Gozag.
  2523 | D:4      | Found a runed translucent gate.
  2524 | D:4      | Noticed a kobold brigand
  2524 | D:4      | Noticed qw's ghost (amateur DjHu)
  2524 | D:4      | Noticed a black bear
  2624 | D:4      | Noticed a black bear
  2625 | D:4      | 2625 ||| DRINKING potion of haste.
  2633 | D:4      | Killed a black bear
  2634 | D:4      | Reached skill level 8 in Ranged Weapons
  2634 | D:4      | Reached XP level 5. HP: 29/29 MP: 7/7
  2676 | D:4      | Found a broken altar of Ashenzari.
  2724 | D:4      | Found a blossoming altar of Fedhas.
  3062 | D:4      | 3062 ||| UPGRADING to +3 ring mail "Paom" {Dex+2}.
  3072 | D:4      | 3072 ||| UPGRADING to +1 cloak.
  3077 | D:4      | 3077 ||| DROPPING +0 ring mail.
  3078 | D:4      | 3078 ||| UPGRADING to ring of positive energy.
  3079 | D:4      | 3079 ||| READING scroll labelled ODWEUT SORPH.
  3099 | D:5      | Entered Level 5 of the Dungeon
  3106 | D:5      | Noticed an ogre
  3113 | D:5      | Killed an ogre
  3114 | D:5      | Reached skill level 9 in Ranged Weapons
  3114 | D:5      | Reached XP level 6. HP: 34/34 MP: 8/8
  3168 | D:5      | Reached skill level 3 in Dodging
  3301 | D:5      | Noticed an ice beast
  3312 | D:5      | Killed an ice beast
  3313 | D:5      | Reached skill level 10 in Ranged Weapons
  3321 | D:5      | Found a staircase to the Ecumenical Temple.
  3322 | D:5      | 3322 ||| PLANNING TEMPLE
  3322 | D:5      | 3322 ||| READING scroll labelled MAHUTHRE PUHYOTH.
  3331 | Temple   | Entered the Ecumenical Temple
  3332 | Temple   | 3332 ||| PLANNING D:1-11
  3410 | D:5      | Reached XP level 7. HP: 40/40 MP: 9/9
  3472 | D:5      | Reached skill level 1 in Armour
  3635 | D:5      | Found Manywy's Armour Shop.
  3882 | D:5      | Found Krakus's Dragon-Slaying Spoils.
  3890 | D:5      | 3890 ||| SHOPLISTING +0 fire dragon scales (660 gold, have
                  | 233).
  3890 | D:5      | 3890 ||| SHOPLISTING +2 pearl dragon scales (1192 gold,
                  | have 233).
  3890 | D:5      | 3890 ||| SHOPLISTING +2 swamp dragon scales (682 gold, have
                  | 233).
  3890 | D:5      | 3890 ||| SHOPLISTING quicksilver dragon scales (660 gold,
                  | have 233).
  3913 | D:5      | 3913 ||| READING scroll labelled RODALEGHINT.
  4084 | D:6      | Reached skill level 11 in Ranged Weapons
  4159 | D:6      | Found Antyly's Armour Shoppe.
  4169 | D:6      | 4169 ||| BUYING +0 helmet (49 gold).
  4169 | D:6      | Bought a +0 helmet for 49 gold pieces
  4169 | D:6      | 4169 ||| SHOPLISTING +2 pair of gloves of stealth (236
                  | gold, have 232).
  4190 | D:6      | 4190 ||| UPGRADING to +0 helmet.
  4195 | D:6      | 4195 ||| READING scroll labelled GOCRICA JUOK.
  4195 | D:6      | Identified a scroll of acquirement
  4195 | D:6      | 4195 ||| ACQUIRING scarf "Lalloj" {+Inv, Harm rC+ Will-
                  | Str+4}
  4195 | D:6      | Acquired the scarf "Lalloj" {+Inv, Harm rC+ Will- Str+4}
  4203 | D:5      | 4203 ||| BUYING +0 pair of boots (67 gold).
  4203 | D:5      | Bought a +0 pair of boots for 67 gold pieces
  4203 | D:5      | 4203 ||| BUYING +0 pair of gloves (67 gold).
  4203 | D:5      | Bought a +0 pair of gloves for 67 gold pieces
  4203 | D:5      | 4203 ||| SHOPLISTING +2 hat (240 gold, have 98).
  4203 | D:5      | 4203 ||| SHOPLISTING +2 pair of boots of the Known World
                  | {rC- Int+3 Slay+2} (438 gold, have 98).
  4203 | D:5      | 4203 ||| UPGRADING to +0 pair of boots.
  4208 | D:5      | 4208 ||| UPGRADING to +0 pair of gloves.
  4213 | D:5      | 4213 ||| Stepping randomly (stuck).
  4214 | D:5      | 4214 ||| Stepping randomly (stuck).
  4215 | D:5      | 4215 ||| Stepping randomly (stuck).
  4216 | D:5      | 4216 ||| Stepping randomly (stuck).
  4217 | D:5      | 4217 ||| Stepping randomly (stuck).
  4218 | D:5      | 4218 ||| Stepping randomly (stuck).
  4219 | D:5      | 4219 ||| Stepping randomly (stuck).
  4220 | D:5      | 4220 ||| Stepping randomly (stuck).
  4221 | D:5      | 4221 ||| Stepping randomly (stuck).
  4222 | D:5      | 4222 ||| Stepping randomly (stuck).
  4223 | D:5      | 4223 ||| Stepping randomly (stuck).
  4224 | D:5      | 4224 ||| Stepping randomly (stuck).
  4225 | D:5      | 4225 ||| Stepping randomly (stuck).
  4226 | D:5      | 4226 ||| Stepping randomly (stuck).
  4227 | D:5      | 4227 ||| Stepping randomly (stuck).
  4228 | D:5      | 4228 ||| Stepping randomly (stuck).
  4229 | D:5      | 4229 ||| Stepping randomly (stuck).
  4230 | D:5      | 4230 ||| Stepping randomly (stuck).
  4231 | D:5      | 4231 ||| Stepping randomly (stuck).
  4232 | D:5      | 4232 ||| Stepping randomly (stuck).
  4233 | D:5      | 4233 ||| Stepping randomly (stuck).
  4234 | D:5      | 4234 ||| Stepping randomly (stuck).
  4235 | D:5      | 4235 ||| Stepping randomly (stuck).
  4236 | D:5      | 4236 ||| Stepping randomly (stuck).
  4237 | D:5      | 4237 ||| Stepping randomly (stuck).
  4238 | D:5      | 4238 ||| Stepping randomly (stuck).
  4239 | D:5      | 4239 ||| Stepping randomly (stuck).
  4240 | D:5      | 4240 ||| Stepping randomly (stuck).
  4241 | D:5      | 4241 ||| Stepping randomly (stuck).
  4242 | D:5      | 4242 ||| Stepping randomly (stuck).
  4243 | D:5      | 4243 ||| Stepping randomly (stuck).
  4244 | D:5      | 4244 ||| Stepping randomly (stuck).
  4245 | D:5      | 4245 ||| Stepping randomly (stuck).
  4246 | D:5      | 4246 ||| Stepping randomly (stuck).
  4247 | D:5      | 4247 ||| Stepping randomly (stuck).
  4248 | D:5      | 4248 ||| Stepping randomly (stuck).
  4249 | D:5      | 4249 ||| Stepping randomly (stuck).
  4250 | D:5      | 4250 ||| Stepping randomly (stuck).
  4251 | D:5      | 4251 ||| Stepping randomly (stuck).
  4252 | D:5      | 4252 ||| Stepping randomly (stuck).
  4253 | D:5      | 4253 ||| Stepping randomly (stuck).
  4254 | D:5      | 4254 ||| Stepping randomly (stuck).
  4255 | D:5      | 4255 ||| Stepping randomly (stuck).
  4256 | D:5      | 4256 ||| Stepping randomly (stuck).
  4257 | D:5      | 4257 ||| Stepping randomly (stuck).
  4258 | D:5      | 4258 ||| Stepping randomly (stuck).
  4259 | D:5      | 4259 ||| Stepping randomly (stuck).
  4260 | D:5      | 4260 ||| Stepping randomly (stuck).
  4261 | D:5      | 4261 ||| Stepping randomly (stuck).
  4262 | D:5      | 4262 ||| Stepping randomly (stuck).
  4263 | D:5      | 4263 ||| Stepping randomly (stuck).
  4264 | D:5      | 4264 ||| READING scroll of teleportation.
  4552 | D:6      | Reached skill level 12 in Ranged Weapons
  4552 | D:6      | Reached XP level 8. HP: 44/44 MP: 10/10
  4567 | D:6      | Noticed Sigmund
  4574 | D:6      | Killed Sigmund
  4575 | D:6      | Reached skill level 3 in Fighting
  4604 | D:6      | Found a shimmering altar of Xom.
  4606 | D:6      | 4606 ||| READING scroll of identify.
  4606 | D:6      | 4606 ||| IDENTIFYING puce potion
  4607 | D:6      | 4607 ||| DROPPING potion of invisibility.
  4736 | D:7      | Noticed a troll
  4737 | D:7      | 4737 ||| RETREEEEATING.
  4747 | D:7      | 4747 ||| RETREEEEATING.
  4748 | D:7      | 4748 ||| RETREEEEATING.
  4758 | D:7      | HP: 5/46 [troll (12)]
  4758 | D:7      | Mangled by a troll

Levels and vault maps discovered:
D:1:      erik_arrival_triangle_medium, layout_basic, item_on_display_a
D:2:      layout_basic, serial_shops, nicolae_shop_rolled_up, st_stairs_2
D:3:      minmay_roachtagon, layout_loops_ring, minitemple
D:4:      layout_gridville, mainiacjoe_overflow_24_doors, fedhas_altar_1,
          serial_rivers, chequers_serial_rivers_large_a,
          chequers_serial_rivers_small_b, chequers_serial_rivers_micro_c,
          chequers_serial_rivers_marsh, chequers_serial_rivers_micro_d,
          ebering_ghost_gozag, hangedman_abyss_or_decor_slice
D:5:      layout_gridville, minmay_temple_entry_tees, nicolae_shop_dragon_depot,
          nicolae_take_the_stairs, serial_bayou_crossing
D:6:      layout_basic, mainiacjoe_overflow_alcove_4, serial_shops, shop,
          uniq_sigmund
D:7:      nzn_winding_woodlands_three_and_one [nzn_winding_woodlands_5x15_cabin,
          nzn_winding_woodlands_5x15_twine,
          nzn_winding_woodlands_5x15_longhouse,
          nzn_winding_woodlands_center_garden], layout_loops_cross
Temple:   nicolae_temple_bog_church

Skill      XL: |  1  2  3  4  5  6  7  8 |
---------------+-------------------------+-----
Ranged Weapons | 6 7 8 9 10 12 | 12.5
Fighting       | 2 3 |  3.4
Dodging        | 3 4 |  4.1
Armour         | 1 |  1.1
Stealth        | |  1.2

Action                     |  1- 3 |  4- 6 |  7- 9 || total
---------------------------+-------+-------+-------++-------
   Fire: Shortbow          |    84 |    71 |   119 ||   274
    Use: Scroll            |     9 |     6 |     4 ||    19
         Potion            |     1 |     1 |       ||     2
 Armour: Leather armour    |     8 |       |       ||     8
         Ring mail         |     5 |    12 |    24 ||    41
  Dodge: Dodged            |    15 |    19 |    56 ||    90

Table legend:
 A = Non-vault XP
 B = Vault XP
 C = Vault XP percentage of total XP
 D = Non-vault monster count
 E = Vault monster count
 F = Vault count percentage of total count
                 A         B        C        D         E       F
            +---------+---------+-------+---------+---------+-------
      Total |    1630 |     253 |  13.4 |      53 |      15 |  22.1
            +---------+---------+-------+---------+---------+-------
        D:1 |      20 |       0 |   0.0 |       9 |       0 |   0.0
        D:2 |      22 |       5 |  18.5 |       6 |       3 |  33.3
        D:3 |      28 |      22 |  44.0 |      10 |      11 |  52.4
        D:4 |     172 |       0 |   0.0 |       8 |       0 |   0.0
        D:5 |     538 |       0 |   0.0 |       8 |       0 |   0.0
        D:6 |     753 |     226 |  23.1 |      11 |       1 |   8.3
        D:7 |      97 |       0 |   0.0 |       1 |       0 |   0.0
            +---------+---------+-------+---------+---------+-------
